 Dungeon Crawl Stone Soup version 0.26-a0-599-gc8f6553d2c (webtiles) character file.

Game seed: 815486118203521775

9255 ANON1729 the Blocker (level 11, -2/77 HPs)
             Began as an Octopode Fighter on Aug 29, 2020.
             Slain by an orc wizard
             ... wielding a +0 dagger
              (5 damage)
             ... on level 10 of the Dungeon.
             The game lasted 00:22:52 (11336 turns).

ANON1729 the Blocker (Octopode Fighter)            Turns: 11336, Time: 00:22:53

Health: -2/77      AC:  1    Str: 18    XL:     11   Next: 43%
Magic:  21/21      EV: 16    Int: 11    God:
Gold:   481        SH: 11    Dex: 12    Spells: 19/23 levels left

rFire    . . .     SeeInvis .   B - +11 hand axe of Kirph {flame, +Rage}
rCold    . . .     Faith    .   b - +0 kite shield
rNeg     + + .     Spirit   .   (helmet restricted)
rPois    .         Reflect  .   z - amulet of regeneration
rElec    .         Harm     .   o - ring of positive energy
rCorr    .                      v - ring of positive energy
MR       .....                  (no ring)
Stlth    ++++......             (no ring)
HPRegen  0.62/turn              (no ring)
MPRegen  0.17/turn              (no ring)
                                (no ring)
                                (no ring)

@: brilliant, stab
A: almost no armour, stealthy swim, amphibious, 8 rings, constrict 8, camouflage
1, gelatinous body 1
a: Evoke Berserk Rage


You were on level 10 of the Dungeon.
You visited 2 branches of the dungeon, and saw 11 of its levels.

You collected 481 gold pieces.

Inventory:

Hand Weapons
 a - a +0 long sword
 q - a +2 vorpal spear
 A - a +4 dagger of chaos
 B - the +11 hand axe of Kirph (weapon) {flame, +Rage}
   (You found it on level 10 of the Dungeon)

   It has been specially enchanted to burn those struck by it, causing extra
   injury to most foes and up to half again as much damage against particularly
   susceptible opponents.
   Big, fiery blades are also staple armaments of hydra-hunters.
   It lets you go berserk.
 C - a +3 scimitar of flaming
Armour
 b - a +0 kite shield (worn)
Jewellery
 o - a ring of positive energy (left tentacle)
 v - a ring of positive energy (right tentacle)
 z - an amulet of regeneration (around mantle)
 D - a +6 ring of strength {unknown}
Scrolls
 d - 5 scrolls of teleportation
 e - 8 scrolls of amnesia
 f - 2 scrolls of noise {unknown}
 i - 2 scrolls of identify
 l - a scroll of blinking
 m - 2 scrolls of fog
 n - 2 scrolls of enchant weapon {unknown}
 r - a scroll of magic mapping
 w - 2 scrolls of immolation {unknown}
 x - a scroll of enchant armour {unknown}
 y - a scroll of remove curse {unknown}
Potions
 c - 3 potions of might
 g - a potion of magic {unknown}
 j - 2 potions of brilliance
 k - a potion of flight {unknown}
 p - 2 potions of stabbing
 s - a potion of lignification {unknown}
 t - 2 potions of cancellation {unknown}
 u - a potion of haste {unknown}


   Skills:
 + Level 8.2 Fighting
 + Level 8.0 Long Blades
 + Level 8.2 Dodging
 + Level 6.0 Stealth
 + Level 8.4 Shields
 + Level 6.6 Spellcasting


You had 19 spell levels left.
You knew the following spells:

 Your Spells              Type           Power        Failure   Level
a - Petrify               Tmut/Erth      #.......     99%         4

Your spell library contained the following spells:

 Spells                   Type           Power        Failure   Level
 Shock                    Conj/Air       #...         38%         1
 Swiftness                Air            #.......     54%         2
 Confusing Touch          Hex            #.......     77%         3
 Gell's Gravitas          Tloc           #.........   77%         3
 Static Discharge         Conj/Air       #.......     77%         3
 Airstrike                Air            #.........   99%         4
 Lightning Bolt           Conj/Air       #.........   100%        5
 Metabolic Englaciation   Hex/Ice        #.........   100%        5
 Yara's Violent Unravell  Hex/Tmut       #.........   100%        5


Dungeon Overview and Level Annotations

Branches:
Dungeon (10/15)            Temple (1/1) D:4            Lair (0/6) D:10
    Orc: D:9-12

Altars:
Ashenzari
Cheibriados
Dithmenos
Elyvilon
Fedhas
Gozag
Hepliaklqana
Kikubaaqudgha
Makhleb
Nemelex Xobeh
Okawaru
Qazlal
Ru
Sif Muna
Trog
Uskayaw
Vehumet
Wu Jian
Xom
Yredelemnul
Zin
The Shining One

Shops:
D:4 (


Innate Abilities, Weirdness & Mutations

You cannot wear most types of armour.
You are very stealthy in the water. (Stealth+)
You are amphibious.
You can wear up to eight rings at the same time.
You can use your tentacles to constrict eight enemies at once.
Your skin changes colour to match your surroundings (Stealth+).
Your rubbery body absorbs attacks. (AC +1, EV +1)


Message History

The puff of frost hits you!
* * * LOW HITPOINT WARNING * * *
Something barely misses you. You block the orc priest's attack.
Items here: ))) [[[.
You feel better. Something hits you.
* * * LOW HITPOINT WARNING * * *
It was a potion of stabbing.
You feel ready to backstab. Something hits you.
* * * LOW HITPOINT WARNING * * *
The orc priest invokes the aid of Beogh against you.
You struggle to resist.
You hear some strange, mumbled words.
A puff of frost appears from out of thin air!
The puff of frost hits you.
* * * LOW HITPOINT WARNING * * *
It was a potion of brilliance.
You feel clever all of a sudden. You block the orc priest's attack.
Something hits you.
You die...

....P#.# #.....####..##.
#. #.....# #..##. #.
#.....# #..##. #.
#.....# #..##. #.
#.....# #..##. #.
#.....# #..##. #.
#.....# #..##.
...###.###.....####..##.
.......@................
......o{)...............
########################


You could see an orc priest.

Vanquished Creatures
  Erica (D:8)
  A two-headed ogre (D:9)
  Pikel (D:8)
  Joseph (D:7)
  Psyche (D:8)
  A gargoyle (D:9)
  Maggie (D:9)
  Prince Ribbit (D:8)
  A hippogriff (D:9)
  2 basilisks
  5 yaks
  Grum (D:8)
  Edmund (D:6)
  Duvessa (D:7)
  A porcupine (D:10)
  4 orc warriors
  2 phantoms
  3 black bears
  A necrophage (D:6)
  2 wolves (D:8)
  2 centaurs
  2 crocodiles (D:9)
  4 lemures (D:8)
  2 big kobolds
  6 bullfrogs
  Dowan (D:7)
  A wyvern skeleton (D:9)
  9 killer bees (D:9)
  2 scorpions
  5 wights (D:9)
  5 howler monkeys
  A bullfrog zombie (D:6)
  4 jellies
  A gnoll shaman (D:10)
  8 orc priests
  3 hounds
  3 iguanas
  2 bullfrog skeletons
  10 orc wizards
  Natasha (thrice) (D:3)
  9 worker ants
  A hound zombie (D:5)
  A hound skeleton (D:9)
  13 gnolls
  10 adders
  2 shadow imps
  2 white imps
  2 oozes
  An adder skeleton (D:5)
  An adder zombie (D:6)
  3 worms
  4 dart slugs
  7 leopard geckos
  35 orcs
  2 ball pythons
  5 giant cockroaches
  10 goblins
  6 hobgoblins
  9 jackals
  6 quokkas
  8 bats
  4 frilled lizards
  A jackal skeleton (D:6)
  13 kobolds
  A quokka zombie (D:7)
  9 rats
271 creatures vanquished.

Vanquished Creatures (others)
  A fungus (D:10)
  10 plants (D:10)
11 creatures vanquished.

Grand Total: 282 creatures vanquished

Notes
Turn   | Place    | Note
-------+----------+-------------------------------------------
     0 | D:1      | ANON1729 the Octopode Fighter began the quest for the Orb.
     0 | D:1      | Reached XP level 1. HP: 16/16 MP: 1/1
    74 | D:1      | Reached XP level 2. HP: 19/21 MP: 2/2
   346 | D:1      | Reached XP level 3. HP: 18/26 MP: 3/3
   466 | D:1      | You fall into a shaft and drop 1 floor!
   928 | D:2      | Reached XP level 4. HP: 30/31 MP: 4/4
  1068 | D:3      | Noticed Natasha
  1076 | D:3      | Killed Natasha
  1395 | D:3      | Reached XP level 5. HP: 37/37 MP: 6/6
  1413 | D:3      | Noticed Natasha
  1420 | D:3      | Killed Natasha
  1420 | D:3      | Reached skill level 1 in Spellcasting
  1451 | D:3      | Noticed Natasha
  1470 | D:3      | Killed Natasha
  2075 | D:4      | Noticed a phantom
  2121 | D:4      | Killed a phantom
  2121 | D:4      | Reached XP level 6. HP: 4/43 MP: 8/8
  2481 | D:4      | Found Buhad's Antique Weapon Emporium.
  2973 | D:4      | Noticed a black bear
  2979 | D:4      | Killed a black bear
  2979 | D:4      | Reached XP level 7. HP: 29/49 MP: 8/10
  3262 | D:4      | Found a staircase to the Ecumenical Temple.
  3275 | Temple   | Entered the Ecumenical Temple
  3676 | D:5      | Entered Level 5 of the Dungeon
  4577 | D:5      | Reached skill level 5 in Fighting
  4656 | D:5      | Reached XP level 8. HP: 35/55 MP: 12/12
  4813 | D:5      | Reached skill level 5 in Dodging
  4813 | D:5      | Reached skill level 5 in Shields
  5240 | D:5      | Found a sparkling altar of Nemelex Xobeh.
  5482 | D:6      | Noticed Edmund
  5492 | D:6      | Killed Edmund
  5855 | D:6      | Reached skill level 5 in Long Blades
  6845 | D:7      | Reached XP level 9. HP: 48/62 MP: 15/15
  6847 | D:7      | Noticed Duvessa
  6848 | D:7      | Noticed Dowan
  6860 | D:7      | Killed Duvessa
  6873 | D:7      | Killed Dowan
  7798 | D:7      | Noticed Joseph
  7812 | D:7      | Killed Joseph
  8645 | D:8      | Noticed Prince Ribbit
  8654 | D:8      | Killed Prince Ribbit
  8654 | D:8      | Reached skill level 5 in Spellcasting
  8666 | D:8      | Noticed Pikel
  8680 | D:8      | Killed Pikel
  8680 | D:8      | Reached XP level 10. HP: 21/71 MP: 16/18
  8952 | D:8      | Noticed Grum
  8960 | D:8      | Learned a level 4 spell: Petrify
  9029 | D:8      | Noticed Psyche
  9040 | D:8      | Killed Psyche
  9040 | D:8      | Reached skill level 1 in Stealth
  9241 | D:8      | Noticed Erica
  9269 | D:8      | Found a bloodstained altar of Trog.
  9319 | D:8      | Killed Erica
  9336 | D:8      | Killed Grum
  9821 | D:9      | Noticed Maggie
  9831 | D:9      | Killed Maggie
  9935 | D:9      | Noticed a two-headed ogre
 10060 | D:9      | Noticed a two-headed ogre
 10072 | D:9      | Killed a two-headed ogre
 10072 | D:9      | Reached XP level 11. HP: 28/77 MP: 20/20
 10196 | D:9      | Reached skill level 5 in Stealth
 10701 | D:10     | Entered Level 10 of the Dungeon
 10705 | D:10     | Got a translucent hand axe
 10706 | D:10     | Identified the +11 hand axe of Kirph {flame, +Rage} (You
                  | found it on level 10 of the Dungeon)
 10966 | D:10     | Found a staircase to the Lair.
 11333 | D:10     | HP: 3/77 [something/puff of frost (12)]
 11336 | D:10     | Slain by an orc wizard

Illustrated notes

Levels and vault maps discovered:
D:1:      lightli_arrival_windingriver, layout_basic, st_stairs_9
D:2:      layout_rooms
D:3:      layout_basic, uniq_natasha
D:4:      layout_gridville, minmay_temple_entry_proselytizer, serial_shops,
          shop, grunt_ministairs_2, kennysheep_generic_room_12
D:5:      layout_basic, nemelex_spade_bored_becter
D:6:      layout_rooms, minmay_circle_x, uniq_edmund
D:7:      layout_gridville, uniq_duvessa, uniq_joseph
D:8:      layout_basic, lightli_temple_of_fire, grunt_ministairs_14, uniq_erica,
          uniq_grum, uniq_psyche, uniq_pikel, uniq_prince_ribbit1
D:9:      minmay_evil_eye, layout_loops_ring, uniq_maggie
D:10:     layout_long_grid, minmay_lair_entry_grove, david_orc_5
Temple:   compressed_dpeg_circular_temple

Skill      XL: |  1  2  3  4  5  6  7  8  9 10 11 |
---------------+----------------------------------+-----
Long Blades    | 3 4 5 6 7 8 |  8.0
Spellcasting   | 1 2 4 5 6 |  6.6
Fighting       | 4 5 7 8 |  8.2
Dodging        | 4 5 6 7 8 |  8.2
Shields        | 4 5 7 8 |  8.4
Stealth        | 4 6 |  6.0

Action                   |  1- 3 |  4- 6 |  7- 9 | 10-12 || total
-------------------------+-------+-------+-------+-------++-------
Melee: Long sword        |    67 |    84 |   298 |    17 ||   466
       Constrict         |    22 |    21 |    87 |    38 ||   168
       Tentacles         |    12 |    17 |    92 |    57 ||   178
       Scimitar          |       |       |       |   130 ||   130
       Dagger            |       |       |       |     5 ||     5
       Hand axe          |       |       |       |    57 ||    57
Evoke: Wand              |       |    20 |     7 |     4 ||    31
  Use: Potion            |       |     4 |     4 |     7 ||    15
       Scroll            |       |       |     5 |       ||     5
 Stab: Sleeping          |     5 |     5 |     5 |     5 ||    20
       Distracted        |       |       |     1 |       ||     1
       Invisible         |       |       |     1 |       ||     1
Armor: Skin              |     4 |     1 |    11 |     3 ||    19
Dodge: Dodged            |    17 |    44 |   164 |   116 ||   341
Block: Kite shield       |    28 |    39 |   170 |   105 ||   342
       Rpst.: Long sword |     6 |     9 |    38 |     3 ||    56
       Scimitar          |       |       |       |    20 ||    20

Table legend: (Time is in decaauts)
 A = Elapsed time spent in this place.
 B = Non-inter-level travel time spent in this place.
 C = Inter-level travel time spent in this place.
 D = Time resting spent in this place.
 E = Time spent auto-exploring this place.
 F = Levels seen in this place.
 G = Mean time per level.
                   A        B        C        D        E       F      G
               +--------+--------+--------+--------+--------+-----+--------+
         Total |  11522 |  11184 |    338 |   4728 |   4294 |  11 | 1047.5 |
       Dungeon |  11325 |  10987 |    338 |   4648 |   4195 |  10 | 1132.5 |
        Temple |    196 |    196 |      0 |     80 |     99 |   1 |  196.0 |
               +--------+--------+--------+--------+--------+-----+--------+

Top non-repeatable levels by time:
     D:4: 2000 daAuts
     D:5: 1625 daAuts
     D:8: 1620 daAuts
     D:7: 1501 daAuts
     D:9: 1261 daAuts
     D:6: 1091 daAuts
     D:3: 910 daAuts
     D:2: 609 daAuts
     D:1: 477 daAuts
    D:10: 228 daAuts
  Temple: 196 daAuts
